 Dungeon Crawl Stone Soup version 0.26-a0-651-gb41185065b (webtiles) character file.

Game seed: 13760246458333532296

293 Inarius the Chopper (level 6, -2/52 HPs)
             Began as a Draconian Chaos Knight on Oct 1, 2020.
             Was a Plaything of Xom.
             Slain by Robin
             ... wielding a +0 mace
              (6 damage)
             ... on level 4 of the Dungeon.
             The game lasted 00:02:44 (2129 turns).

Inarius the Chopper (Draconian Chaos Knight)        Turns: 2129, Time: 00:02:45

Health: -2/52      AC:  8    Str: 17    XL:     6   Next: 11%
Magic:  0/6        EV: 12    Int: 12    God:    Xom [....*.]
Gold:   160        SH:  0    Dex: 10    Spells: 5/5 levels left

rFire    . . .     SeeInvis .   a - +0 hand axe (chaos)
rCold    . . .     Faith    .   (no shield)
rNeg     . . .     Spirit   +   (armour unavailable)
rPois    .         Reflect  .   (helmet restricted)
rElec    .         Harm     .   h - +1 cloak
rCorr    .         Rampage  .   (no gloves)
MR       .....                  (no boots)
Stlth    +.........             k - amulet of guardian spirit
HPRegen  0.17/turn              (no ring)
MPRegen  0.10/turn              (no ring)

@: no status effects
A: unfitting armour, cold-blooded, AC +6
a: Renounce Religion


You were on level 4 of the Dungeon.
You worshipped Xom.
You were a beloved toy of Xom.
You visited 1 branch of the dungeon, and saw 4 of its levels.

You collected 160 gold pieces.

Inventory:

Hand Weapons
 a - a +0 hand axe of chaos (weapon)
Armour
 h - a +1 cloak (worn)
Jewellery
 k - an amulet of guardian spirit (around neck)
Scrolls
 b - a scroll of enchant weapon
 c - 2 scrolls of teleportation
 e - a scroll of remove curse
 g - 5 scrolls of enchant armour
 l - a scroll of amnesia
Potions
 f - a potion of curing
 i - a potion of mutation {unknown}
 j - 4 potions of degeneration {unknown}
 m - a potion of cancellation {unknown}


   Skills:
 + Level 4.2 Fighting
 * Level 5.9 Axes
 + Level 2.7 Dodging
 + Level 0.8 Stealth


You had 5 spell levels left.
You didn't know any spells.
Your spell library was empty.

Dungeon Overview and Level Annotations

Branches:
Dungeon (4/15)             Temple (0/1) D:4

Altars:
Nemelex Xobeh

Annotations:
D:4 Robin


Innate Abilities, Weirdness & Mutations

Your plain brown scales are hard. (AC +6)
You cannot fit into any form of body armour.
You are cold-blooded and may be slowed by cold attacks.


Message History

Robin roars a battlecry!
The goblins go into a battle-frenzy!
You closely miss Robin.
Robin is severely wounded.
You barely miss something. Robin hits you with a +0 mace.
Something hits you but does no damage. Robin misses you.
You barely miss Robin.
Robin is severely wounded.
You hit something. Something hits you!
* * * LOW HITPOINT WARNING * * *
Robin hits you with a +0 mace.
* * * LOW HITPOINT WARNING * * *
Unknown command.
You completely miss Robin. You tail-slap Robin.
Robin is almost dead.
You miss something. Something hits you.
* * * LOW HITPOINT WARNING * * *
Robin hits you with a +0 mace.
You die... "This toy is broken."

#)< .# .. ##..## #..
..##.# #....#####.. g#...
# ###........... ....#.
..$.#.#####.) g..g#
#..#.## #.† # ###.#g#
#.!...####..
##.#...#{######...#....†..
........g@).........#####.
####...########.##........
###...........#########
##########.## ###


You could see Robin (fast, agile), a hobgoblin (strong) and a goblin (strong).

Vanquished Creatures
  An ogre (D:4)
  A scorpion (D:4)
  An orc priest (D:4)
  An orc wizard (D:4)
  6 adders
  2 worms (D:2)
  A dart slug (D:2)
  2 leopard geckos
  6 orcs
  2 ball pythons
  2 giant cockroaches (D:2)
  10 goblins
  5 hobgoblins
  3 bats
  A frilled lizard (D:1)
  8 kobolds
  A quokka skeleton (D:4)
  6 rats
59 creatures vanquished.

Notes
Turn   | Place    | Note
-------+----------+-------------------------------------------
     0 | D:1      | Inarius the Draconian Chaos Knight began the quest for the
                  | Orb.
     0 | D:1      | Reached XP level 1. HP: 19/19 MP: 1/1
   288 | D:1      | Reached XP level 2. HP: 21/26 MP: 2/2
  1123 | D:2      | Reached skill level 4 in Axes
  1123 | D:2      | Reached XP level 3. HP: 31/31 MP: 3/3
  1335 | D:2      | XOM: silly message
  1367 | D:2      | You fall into a shaft and drop 1 floor!
  1410 | D:3      | XOM: divination: detect creatures
  1480 | D:3      | Reached XP level 4. HP: 40/40 MP: 4/4
  1566 | D:2      | XOM: silly message
  1633 | D:2      | Found a sparkling altar of Nemelex Xobeh.
  1635 | D:2      | You fall into a shaft and drop 2 floors!
  1709 | D:4      | Noticed an ogre
  1718 | D:4      | Killed an ogre
  1718 | D:4      | Reached skill level 5 in Axes
  1718 | D:4      | Reached XP level 5. HP: 27/46 MP: 3/5
  1943 | D:4      | XOM: god gift: box of beasts (3/3)
  1946 | D:4      | XOM: summons 2 friendly demons
  1946 | D:4      | XOM: smoke on damage
  1960 | D:4      | Reached XP level 6. HP: 40/52 MP: 6/6
  1981 | D:4      | XOM: god gift: scroll of enchant armour
  1991 | D:4      | Found a staircase to the Ecumenical Temple.
  2102 | D:4      | Noticed Robin
  2129 | D:4      | Slain by Robin

Illustrated notes

Levels and vault maps discovered:
D:1:      psy_arrival_conway, layout_loops_cross
D:2:      layout_loops_ring, nemelex_xobeh_ov_fountains_minmay,
          grunt_ministairs_6
D:3:      layout_basic, chequers_serial_rivers_large_a
D:4:      layout_loops_ring, minmay_temple_entry_drinking_statues,
          gup_sewer_entry_spiral, roderic_batcave, uniq_robin

Skill      XL: |  1  2  3  4 |
---------------+-------------+-----
Axes           | 4 5 |  5.9
Fighting       | 4 |  4.2
Dodging        | |  2.7
Stealth        | |  0.8

Action                   |  1- 3 |  4- 6 || total
-------------------------+-------+-------++-------
Melee: Hand axe          |    92 |    78 ||   170
       Tailslap          |     8 |     8 ||    16
  Use: Scroll            |       |     6 ||     6
 Stab: Petrifying        |     1 |     1 ||     2
       Sleeping          |     1 |       ||     1
       Distracted        |       |     1 ||     1
Armor: Skin              |    36 |    24 ||    60
Dodge: Dodged            |    53 |    41 ||    94

Table legend: (Time is in decaauts)
 A = Elapsed time spent in this place.
 B = Non-inter-level travel time spent in this place.
 C = Inter-level travel time spent in this place.
 D = Time resting spent in this place.
 E = Time spent auto-exploring this place.
 F = Levels seen in this place.
 G = Mean time per level.
                   A        B        C        D        E       F      G
               +--------+--------+--------+--------+--------+-----+--------+
         Total |   2145 |   2108 |     37 |    336 |   1239 |   4 |  536.2 |
       Dungeon |   2145 |   2108 |     37 |    336 |   1239 |   4 |  536.2 |
               +--------+--------+--------+--------+--------+-----+--------+

Top non-repeatable levels by time:
     D:1: 928 daAuts
     D:2: 551 daAuts
     D:3: 375 daAuts
     D:4: 291 daAuts
